 Dungeon Crawl Stone Soup version 0.32-a0-931-g5a2cda0630 (webtiles) character file.

Game seed: 14448818462105072803

63 runemasterragnar the Ruffian (level 4, 0/43 HPs)
             Began as an Octopode Shapeshifter on Apr 14, 2024.
             Slain by a gnoll
             ... wielding a +0 whip
              (1 damage)
             ... on level 2 of the Dungeon.
             The game lasted 00:00:58 (1246 turns).

runemasterragnar the Ruffian (OpSh)                 Turns: 1246, Time: 00:00:59

Health: 0/43       AC: 22    Str: 15    XL:     4   Next: 10%
Magic:  4/4        EV:  2    Int: 12    God:
Gold:   35         SH:  0    Dex: 11    Spells: 3/3 levels left

rFire   . .          .
                       - Unarmed
rCold   . . .        (no shield)
rNeg    . . .        (helmet currently unavailable)
rPois   +            (no amulet)
rElec   .            (no ring)
rCorr   .            (no ring)
SInv    .            (no ring)
Will    .....        (no ring)
Stlth   ++           (no ring)
HPRegen 0.27/turn    (no ring)
MPRegen 0.09/turn    (no ring)
                     (no ring)

%: no passive effects
@: tree-form
A: stationary, stasis, torment immunity, boosted hp, almost no armour,
(amphibious), 8 rings, (camouflage 1), (gelatinous body 1), (nimble swimmer 1),
(tentacles)
a: no special abilities


You were on level 2 of the Dungeon.
You were a tree.
You visited 1 branch of the dungeon, and saw 2 of its levels.

You collected 35 gold pieces.

Inventory:

Missiles
 i - a throwing net (quivered)
Talismans
 b - a beast talisman (active)
 c - a flux talisman
Scrolls
 e - 3 scrolls of enchant armour {unknown}
 g - 4 scrolls of identify {unknown}
 j - a scroll of teleportation {unknown}
Potions
 d - 2 potions of haste {unknown}
 f - a potion of mutation {unknown}
 h - a potion of curing {unknown}


   Skills:
 * Level 2.1 Fighting
 + Level 2.4 Dodging
 + Level 1.8 Stealth
 * Level 3.6 Unarmed Combat
 + Level 3.2 Shapeshifting


You had 3 spell levels left.
You didn't know any spells.
Your spell library was empty.

Dungeon Overview and Level Annotations

Branches:
Dungeon (2/15)

Altars:


Innate Abilities, Weirdness & Mutations

You are a tree.
Your roots penetrate the ground, keeping you stationary.
You cannot be teleported.
You are immune to unholy pain and torment.
Your maximum health is greatly increased.
You cannot wear most types of armour.
((You are amphibious.))
You can wear up to eight rings at the same time.
((Your skin changes colour to match your surroundings (Stealth+).))
((Your rubbery body absorbs attacks. (AC +1, EV +1)))
((You are camouflaged when in or above water. (Stealth+)))
((You have tentacles for arms and can constrict up to eight enemies at once.))


Message History

The endoplasm hits you but does no damage.
The gnoll hits you with a +0 whip. x2
Unknown command.
You barely miss the gnoll.
The gnoll is heavily wounded.
The goblin hits you but does no damage. The gnoll hits you but does no damage.
The endoplasm freezes you.
You are frozen.
The gnoll completely misses you. The gnoll barely misses you.
Unknown command.
You closely miss the gnoll.
The gnoll is heavily wounded.
The goblin hits you but does no damage.
The gnoll hits you from afar with a +0 spear.
* * * LOW HITPOINT WARNING * * *
The endoplasm hits you but does no damage.
The gnoll hits you but does no damage. x2
You smack the gnoll!
You kill the gnoll!
The goblin hits you but does no damage. The gnoll hits you but does no damage.
The endoplasm freezes you.
You are frozen.
* * * LOW HITPOINT WARNING * * *
The gnoll hits you but does no damage.
You have reached level 4!
Unknown command.
You smack the gnoll!
The gnoll is heavily wounded.
The goblin hits you but does no damage.
The gnoll hits you from afar with a +0 spear.
* * * LOW HITPOINT WARNING * * *
The endoplasm hits you but does no damage.
The gnoll hits you but does no damage.
You hit the gnoll.
The gnoll is almost dead.
The goblin hits you but does no damage. The gnoll hits you but does no damage.
The endoplasm freezes you.
You are frozen.
* * * LOW HITPOINT WARNING * * *
The gnoll hits you with a +0 whip.
You die...

#.....### #.....#
...#### #.....#
....... #.....#
.ß...> #.....#
.....
####.#######...####
#...............
##......g)g.....
#......♣g.$....
########J..####
....... .ß...<.
....... ...####
...# .<.#


You could see 2 gnolls, an endoplasm and a goblin.

Vanquished Creatures
  2 gnolls (D:2)
  2 adders (D:2)
  A dart slug (D:1)
  2 ball pythons
  A bat (D:1)
  3 endoplasms
  A giant cockroach (D:1)
  2 goblins
  A hobgoblin (D:2)
  2 kobolds (D:1)
  2 quokkas
  A frilled lizard (D:1)
  3 rats
23 creatures vanquished.

Notes
Turn   | Place    | Note
-------+----------+-------------------------------------------
     0 | D:1      | runemasterragnar the Octopode Shapeshifter began the quest
                  | for the Orb.
     0 | D:1      | Reached XP level 1. HP: 13/13 MP: 1/1
   221 | D:1      | Reached XP level 2. HP: 18/18 MP: 2/2
   399 | D:1      | Found a faded altar of an unknown god.
   460 | D:1      | Reached skill level 1 in Stealth
   861 | D:2      | Reached XP level 3. HP: 16/24 MP: 3/3
  1245 | D:2      | Reached XP level 4. HP: 7/29 MP: 4/4
  1246 | D:2      | HP: 1/43 [frozen (3)]
  1246 | D:2      | Slain by a gnoll

Illustrated notes

Levels and vault maps discovered:
D:1:      giann_horns, layout_basic, serial_aquarium, aquarium_bridge_straight
          [aquarium_subvault_bridge, aquarium_subvault_balcony,
          aquarium_subvault_bridge, aquarium_subvault_wall],
          aquarium_bridge_straight [aquarium_subvault_bridge,
          aquarium_subvault_window, aquarium_subvault_bridge,
          aquarium_subvault_balcony], aquarium_window_2, aquarium_window_fake,
          aquarium_view_2f, aquarium_view_2c, aquarium_balcony_3a,
          shapermc_ecumenical_altar_mp_ritualfount
D:2:      layout_basic, grunt_ministairs_3, nicolae_elevator_lobby_plus

Skill      XL: |  1  2  3 |
---------------+----------+-----
Stealth        | 1 |  1.8
Fighting       | 2 |  2.1
Dodging        | |  2.4
Unarmed Combat | |  3.6
Shapeshifting  | |  3.2

Action                     |  1- 3 |  4- 6 || total
---------------------------+-------+-------++-------
  Melee: Unarmed           |    38 |     2 ||    40
         Constrict         |    10 |       ||    10
         Tentacles         |     6 |       ||     6
         Punch             |     1 |       ||     1
    Use: Potion            |     1 |       ||     1
   Stab: Sleeping          |     9 |       ||     9
 Armour: Skin              |    30 |     7 ||    37
  Dodge: Dodged            |    19 |       ||    19

Table legend: (Time is in decaauts)
 A = Elapsed time spent in this place.
 B = Non-inter-level travel time spent in this place.
 C = Inter-level travel time spent in this place.
 D = Time resting spent in this place.
 E = Time spent auto-exploring this place.
 F = Levels seen in this place.
 G = Mean time per level.
                   A        B        C        D        E       F      G
               +--------+--------+--------+--------+--------+-----+--------+
         Total |   1243 |   1204 |     39 |    155 |    896 |   2 |  621.5 |
       Dungeon |   1243 |   1204 |     39 |    155 |    896 |   2 |  621.5 |
               +--------+--------+--------+--------+--------+-----+--------+

Top non-repeatable levels by time:
     D:1: 841 daAuts
     D:2: 402 daAuts
